 Dungeon Crawl Stone Soup version 0.26-a0-651-gb41185065b (webtiles) character file.

Game seed: 15194850547374517005

67 kae the Ruffian (level 4, 0/38 HPs)
             Began as a Naga Transmuter on Oct 30, 2020.
             Was a Follower of Cheibriados.
             Slain by Ijyb
             ... wielding a +1 dagger of draining
              (5 damage)
             ... on level 4 of the Dungeon.
             The game lasted 00:02:50 (3191 turns).

kae the Ruffian (Naga Transmuter)                   Turns: 3191, Time: 00:02:51

Health: 0/38       AC:  3    Str: 15    XL:     4   Next: 18%
Magic:  7/7        EV:  9    Int: 16    God:    Cheibriados [*.....]
Gold:   143        SH:  0    Dex: 13    Spells: 6/7 levels left

rFire    . . .     SeeInvis +     - Unarmed
rCold    . . .     Faith    .   (no shield)
rNeg     . . .     Spirit   .   a - +1 robe
rPois    +         Reflect  .   (no helmet)
rElec    .         Harm     .   (no cloak)
rCorr    .         Rampage  .   (no gloves)
MR       .....                  (no barding)
Stlth    +.........             (no amulet)
HPRegen  0.12/turn              (no ring)
MPRegen  0.10/turn              (no ring)

@: short of breath, heavily drained, very slow
A: large, see invisible, deformed body, poison resistance, slowness 2, spit
poison 1, AC +1
a: Spit Poison, Bend Time, Renounce Religion


You were on level 4 of the Dungeon.
You worshipped Cheibriados.
Cheibriados was aware of your devotion.
You visited 1 branch of the dungeon, and saw 4 of its levels.

You collected 143 gold pieces.

Inventory:

Armour
 a - a +1 robe (worn)
Wands
 g - a wand of digging (6)
Scrolls
 c - 2 scrolls of remove curse
 d - a scroll of magic mapping
 f - a scroll of fear
Potions
 e - a potion of haste
 h - a potion of curing
 i - a potion of degeneration


   Skills:
 - Level 1.0(0.0) Fighting
 - Level 1.5(0.1) Dodging
 + Level 4.0(2.5) Unarmed Combat
 - Level 2.0(0.5) Spellcasting
 + Level 3.3(1.8) Transmutations


You had 6 spell levels left.
You knew the following spells:

 Your Spells              Type           Power        Failure   Level
a - Beastly Appendage     Tmut           #.....       12%         1

Your spell library contained the following spells:

 Spells                   Type           Power        Failure   Level
 Wereblood                Tmut           #.......     17%         2
 Spider Form              Tmut/Pois      #.........   45%         3
 Ice Form                 Ice/Tmut       #.......     86%         4
 Blade Hands              Tmut           #.........   97%         5


Dungeon Overview and Level Annotations

Branches:
Dungeon (4/15)
 Temple: D:4-7

Altars:
Cheibriados
Elyvilon
Nemelex Xobeh

Annotations:
D:3 exclusion: 2 gnolls
D:4 Ijyb


Innate Abilities, Weirdness & Mutations

You cannot wear boots.
Your serpentine skin is tough. (AC +1)
You have supernaturally acute eyesight. (SInv)
Armour fits poorly on your strangely shaped body.
Your system is resistant to poisons. (rPois)
You cover ground very slowly.
You can spit poison.


Message History

You hit Ijyb but do no damage.
Ijyb is lightly wounded.
Ijyb zaps a wand.
You are blasted!
You hit Ijyb.
Ijyb is moderately wounded.
Ijyb zaps a wand.
You are blasted!
* * * LOW HITPOINT WARNING * * *
You barely miss Ijyb.
Ijyb is moderately wounded.
You have got your breath back.
Ijyb hits you with a +1 dagger of draining.
* * * LOW HITPOINT WARNING * * *
You feel drained.
* * * LOW HITPOINT WARNING * * *
Press: ? - help, Shift-Dir - straight line, f/p - Ijyb
Aim: Ijyb, wielding a +1 dagger of draining, wearing a +0 leather armour and carrying a wand of disintegration (13) (moderately wounded)
The splash of poison hits Ijyb.
Ijyb is heavily wounded.
Ijyb hits you with a +1 dagger of draining.
You die...

...#########...
........g......
...####@########
................
#######.########
######.#.....
#.............
#########.####........
........#.####........
......................
........#.######.#####


You could see Ijyb.

Vanquished Creatures
  An adder (D:3)
  A worm (D:3)
  4 dart slugs
  An orc (D:3)
  4 giant cockroaches
  5 goblins
  4 hobgoblins
  5 jackals (D:3)
  5 kobolds
  7 bats
  3 frilled lizards
  4 rats
44 creatures vanquished.

Vanquished Creatures (others)
  35 plants (D:1)
35 creatures vanquished.

Grand Total: 79 creatures vanquished

Notes
Turn   | Place    | Note
-------+----------+-------------------------------------------
     0 | D:1      | kae the Naga Transmuter began the quest for the Orb.
     0 | D:1      | Reached XP level 1. HP: 18/18 MP: 3/3
   743 | D:1      | Reached XP level 2. HP: 19/25 MP: 5/5
  1674 | D:2      | Found a white marble altar of Elyvilon.
  1742 | D:2      | Found a snail-covered altar of Cheibriados.
  1786 | D:2      | Reached XP level 3. HP: 25/31 MP: 4/6
  1824 | D:2      | Became a worshipper of Cheibriados the Contemplative
  2406 | D:3      | Reached * piety under Cheibriados
  2585 | D:3      | Found a sparkling altar of Nemelex Xobeh.
  2605 | D:3      | Reached skill level 4 in Unarmed Combat
  2605 | D:3      | Reached XP level 4. HP: 28/38 MP: 5/7
  3176 | D:4      | Noticed Ijyb
  3191 | D:4      | Slain by Ijyb

Illustrated notes

Levels and vault maps discovered:
D:1:      roderic_crop_circles_arrival_small, layout_loops_ring, serial_forest,
          infiniplex_forest_clump_double, infiniplex_forest_diagonal,
          infiniplex_forest_pool, infiniplex_forest_clump_diagonal,
          infiniplex_forest_straight_4, infiniplex_forest_clump_curved,
          infiniplex_forest_side_room, chequers_decorated_corner,
          feat_on_display
D:2:      layout_rooms, nicolae_overflow_crystal_walls, kennysheep_slug_shrine
D:3:      layout_loops_ring, nemelex_xobeh_ov_fountains_minmay,
          lemuel_statue_altar
D:4:      layout_basic, fedhas_ov_isle_minmay, minmay_rat_hole, uniq_ijyb

Skill      XL: |  1  2  3 |
---------------+----------+-----
Transmutations | 3 |  3.3
Unarmed Combat | 4 |  4.0
Fighting       | |  1.0
Dodging        | |  1.5
Spellcasting   | |  2.0

Action                   |  1- 3 |  4- 6 || total
-------------------------+-------+-------++-------
Melee: Unarmed           |   186 |    17 ||   203
       Headbutt          |     6 |     3 ||     9
       Punch             |     1 |       ||     1
 Cast: Beastly Appendage |    21 |     2 ||    23
 Abil: Spit Poison       |    13 |     5 ||    18
  Use: Scroll            |    10 |       ||    10
       Potion            |       |     2 ||     2
 Stab: Sleeping          |     1 |       ||     1
Armor: Robe              |    55 |     5 ||    60
Dodge: Dodged            |    98 |     5 ||   103

Table legend: (Time is in decaauts)
 A = Elapsed time spent in this place.
 B = Non-inter-level travel time spent in this place.
 C = Inter-level travel time spent in this place.
 D = Time resting spent in this place.
 E = Time spent auto-exploring this place.
 F = Levels seen in this place.
 G = Mean time per level.
                   A        B        C        D        E       F      G
               +--------+--------+--------+--------+--------+-----+--------+
         Total |   4267 |   4137 |    130 |      0 |   3607 |   4 | 1066.8 |
       Dungeon |   4267 |   4137 |    130 |      0 |   3607 |   4 | 1066.8 |
               +--------+--------+--------+--------+--------+-----+--------+

Top non-repeatable levels by time:
     D:1: 1843 daAuts
     D:3: 1681 daAuts
     D:2: 680 daAuts
     D:4: 62 daAuts
